 Dungeon Crawl Stone Soup version 0.29.1-12-g30fa7ad0bf (webtiles) character file.

Game seed: 14221709207933632149

1289 nachturnus the Trooper (level 8, 0/64 HPs)
             Began as a Human Monk on Jan 8, 2023.
             Was a Priest of Dithmenos.
             Succumbed to Eustachio's poison
             ... on level 6 of the Dungeon.
             The game lasted 00:18:33 (4328 turns).

nachturnus the Trooper (Human Monk)                 Turns: 4328, Time: 00:18:33

Health: 0/64       AC:  9    Str: 12    XL:     8   Next: 85%
Magic:  8/8        EV:  6    Int: 11    God:    Dithmenos [***...]
Gold:   279        SH:  5    Dex: 17    Spells: 7/7 levels left

rFire   + . .      SeeInvis .   a - +1 falchion
rCold   . . .      Faith    .   h - +0 buckler
rNeg    . . .      Spirit   .   f - +0 chain mail
rPois   .          Reflect  .   (no helmet)
rElec   .          Harm     .   s - scarf {repulsion}
rCorr   .          Rampage  .   (no gloves)
Will    .....                   (no boots)
Stlth   ..........              d - amulet of regeneration
HPRegen 1.00/turn               x - ring of protection from fire
MPRegen 0.11/turn               (no ring)

@: lethally poisoned (0 -> -15), wreathed by umbra, repel missiles
A: no striking features
a: Renounce Religion, Shadow Step


You were on level 6 of the Dungeon.
You worshipped Dithmenos.
Dithmenos was most pleased with you.
You visited 1 branch of the dungeon, and saw 6 of its levels.

You collected 279 gold pieces.

Inventory:

Hand Weapons
 a - a +1 falchion (weapon)
 w - a +2 short sword of flaming
Armour
 f - a +0 chain mail (worn)
 h - a +0 buckler (worn)
 s - a scarf of repulsion (worn)
Jewellery
 b - an amulet of magic regeneration
 d - an amulet of regeneration (around neck)
 j - a ring of flight
 m - a +6 ring of intelligence
 x - a ring of protection from fire (left hand)
Scrolls
 k - a scroll of identify
 n - a scroll of amnesia
Potions
 c - a potion of ambrosia
 g - 2 potions of mutation
 l - a potion of brilliance
 p - a potion of curing {unknown}
 u - a potion of lignification
 v - 4 potions of cancellation
 A - a potion of flight {unknown}


   Skills:
 - Level 6.1 Fighting
 - Level 6.0 Long Blades
 - Level 5.1 Armour
 - Level 3.0 Dodging
 - Level 2.0 Stealth
 + Level 3.9 Shields


You had 7 spell levels left.
You didn't know any spells.
Your spell library contained the following spells:

 Spells                   Type           Power      Damage    Failure   Level
 Foxfire                  Conj/Fire      0%         2x1d4     100%        1
 Slow                     Hex            0%         N/A       100%        1
 Confusing Touch          Hex            0%         N/A       100%        3
 Conjure Flame            Conj/Fire      0%         6-21      100%        3
 Inner Flame              Hex/Fire       0%         N/A       100%        3
 Vampiric Draining        Necr           0%         2d6       100%        3
 Flame Wave               Conj/Fire      0%         2d4       100%        4
 Petrify                  Tmut/Erth      0%         N/A       100%        4
 Metabolic Englaciation   Hex/Ice        0%         N/A       100%        5
 Statue Form              Tmut/Erth      0%         N/A       100%        6


Dungeon Overview and Level Annotations

Branches:
Dungeon (6/15)             Temple (0/1) D:4

Altars:
Dithmenos
Hepliaklqana
Kikubaaqudgha
Okawaru
Sif Muna
Uskayaw

Annotations:
D:6 Eustachio, Maggie


Message History

The fiery explosion engulfs Eustachio!!
Eustachio resists.
Flame seeps out of Eustachio.
Eustachio is heavily wounded.
The steam dragon explodes!
The fiery explosion engulfs you! You resist.
* * * LOW HITPOINT WARNING * * *
Eustachio is engulfed in blazing flames.
Flame seeps out of Eustachio.
Eustachio drinks a potion.
Eustachio is healed!
Your Shields skill increases to level 3!
A shadow comes into view.
Eustachio casts a spell.
The bat is engulfed in a cloud of scalding steam.
The bat dies!
The bat's corpse disappears in a puff of smoke!
The rat is engulfed in blazing flames.
You kill the rat!
The rat's corpse disappears in a puff of smoke!
Eustachio attacks as you move away!
Eustachio hits you with a +2 rapier of venom.
* * * LOW HITPOINT WARNING * * *
You are poisoned.
You feel sick.
You slash Eustachio!
Flame seeps out of Eustachio.
Eustachio is heavily wounded.
You feel sick.
Eustachio is engulfed in blazing flames.
Flame seeps out of Eustachio.
Eustachio hits you but does no damage.
You are more poisoned.
You barely miss Eustachio.
Eustachio is severely wounded.
You feel very sick.
Eustachio is engulfed in blazing flames.
Flame seeps out of Eustachio.
Eustachio hits you with a +2 rapier of venom.
* * * LOW HITPOINT WARNING * * *
You are more poisoned.
The bat closely misses you.
You hit Eustachio.
Flame seeps out of Eustachio.
Eustachio is almost dead.
You die...

##### # ##... .. #..
##...## .# #..#
#####.#.#.## .##...
.......@@W.#
##.#....
#####.#b#..###.§§.##
##..y#.##§§§...##
##.##..........#
#.##.##.....#..
#...#......#..#
####.######..## #.
##


You could see Eustachio (inner flame), a vampire mosquito (inner flame), a
shadow and a bat (summoned).

Vanquished Creatures
  A steam dragon (D:6)
  Edmund (D:5)
  A sky beast (D:5)
  An ogre (D:5)
  A bullfrog (D:6)
  Blork the orc (D:4)
  2 necrophages
  A scorpion (D:5)
  A howler monkey (D:5)
  3 hounds
  2 orc priests
  A jelly (D:5)
  4 iguanas
  10 gnolls
  6 adders
  2 ufetubi
  A worm (D:2)
  16 orcs
  5 bats
  6 endoplasms
  6 giant cockroaches
  7 hobgoblins
  4 quokkas
  8 ball pythons
  A frilled lizard (D:1)
  2 goblins
  8 kobolds
  3 rats
105 creatures vanquished.

Vanquished Creatures (others)
  5 plants (D:2)
5 creatures vanquished.

Grand Total: 110 creatures vanquished

Notes
Turn   | Place    | Note
-------+----------+-------------------------------------------
     0 | D:1      | nachturnus the Human Monk began the quest for the Orb.
     0 | D:1      | Reached XP level 1. HP: 18/18 MP: 1/1
   192 | D:1      | Found a faded altar of an unknown god.
   230 | D:1      | Reached XP level 2. HP: 24/24 MP: 2/2
   729 | D:2      | Reached XP level 3. HP: 29/29 MP: 3/3
   831 | D:2      | Reached XP level 4. HP: 29/35 MP: 4/4
  1502 | D:3      | Found an ancient bone altar of Kikubaaqudgha.
  1590 | D:3      | Found a hide-covered altar of Uskayaw.
  1764 | D:3      | Found a shadowy altar of Dithmenos.
  1788 | D:3      | Became a worshipper of Dithmenos the Shadowed
  1788 | D:3      | Reached * piety under Dithmenos
  1788 | D:3      | Reached ** piety under Dithmenos
  2124 | D:4      | Found a staircase to the Ecumenical Temple.
  2137 | D:4      | Reached skill level 5 in Long Blades
  2223 | D:4      | Reached XP level 5. HP: 41/41 MP: 5/5
  2376 | D:4      | Found a hazy altar of Hepliaklqana.
  2426 | D:4      | Reached XP level 6. HP: 39/47 MP: 6/6
  2700 | D:4      | Noticed Blork the orc
  2708 | D:4      | Killed Blork the orc
  2851 | D:4      | Found a shimmering blue altar of Sif Muna.
  3058 | D:5      | Entered Level 5 of the Dungeon
  3082 | D:5      | Noticed Edmund
  3123 | D:5      | Reached skill level 5 in Fighting
  3123 | D:5      | Reached XP level 7. HP: 40/56 MP: 7/7
  3259 | D:5      | Reached *** piety under Dithmenos
  3303 | D:5      | Reached skill level 1 in Armour
  3550 | D:5      | Killed Edmund
  3551 | D:5      | Reached XP level 8. HP: 27/64 MP: 0/8
  3996 | D:6      | Found an iron altar of Okawaru.
  4019 | D:6      | Reached skill level 5 in Armour
  4212 | D:6      | Reached skill level 1 in Shields
  4257 | D:6      | Noticed Maggie
  4309 | D:6      | Noticed Eustachio
  4322 | D:6      | Noticed a shadow
  4328 | D:6      | Succumbed to Eustachio's poison

Illustrated notes

Levels and vault maps discovered:
D:1:      dpeg_arrival_water_temple_mockup, layout_rooms,
          ebering_ecumenical_altar_abandoned
D:2:      layout_basic, serial_bayou_pond_b, st_stairs_11,
          minmay_worlds_worst_comb
D:3:      layout_rooms, nicolae_kikubaaqudgha_miasma_corner,
          general_overflow_altar, mainiacjoe_overflow_alcove_1,
          kennysheep_generic_room_7
D:4:      layout_loops_cross, mainiacjoe_overflow_24_doors,
          mainiacjoe_overflow_surrounded_room, minmay_temple_entry_antechambers,
          uniq_blork_the_orc
D:5:      layout_cave_pools, grunt_ministairs_14, uniq_edmund
D:6:      layout_loops_ring, mainiacjoe_overflow_alcove_4, old_standard_altar,
          gammafunk_ghost_hive, kb_rosetta, uniq_eustachio, uniq_maggie

Skill      XL: |  1  2  3  4  5  6  7  8 |
---------------+-------------------------+-----
Long Blades    | 4 5 6 |  6.0
Fighting       | 5 6 |  6.1
Armour         | 3 5 |  5.1
Shields        | 3 |  3.9
Dodging        | |  3.0
Stealth        | |  2.0

Action                   |  1- 3 |  4- 6 |  7- 9 || total
-------------------------+-------+-------+-------++-------
Melee: Falchion          |    73 |   214 |   209 ||   496
       Punch             |     1 |     1 |     5 ||     7
       Unarmed           |       |       |     2 ||     2
  Use: Scroll            |       |    16 |     4 ||    20
       Potion            |       |       |     4 ||     4
 Stab: Sleeping          |     2 |     2 |       ||     4
       Invisible         |       |       |     5 ||     5
Armor: Robe              |     3 |       |       ||     3
       Ring mail         |    23 |     7 |       ||    30
       Scale mail        |       |    67 |    44 ||   111
       Chain mail        |       |       |    45 ||    45
Dodge: Dodged            |    66 |   125 |   121 ||   312
Block: Buckler           |       |       |     9 ||     9
